 Dungeon Crawl Stone Soup version 0.21-a0-440-g28109cb (webtiles) character file.

13 tof the Skirmisher (level 2, -1/24 HPs)
             Began as a Demonspawn Berserker on Nov 10, 2017.
             Was a Follower of Trog.
             Slain by a leopard gecko (3 damage)
             ... on level 1 of the Dungeon.
             The game lasted 00:00:28 (153 turns).

tof the Skirmisher (Demonspawn Berserker)            Turns: 153, Time: 00:00:29

Health: -1/24      AC:  2    Str: 17    XL:     2   Next: 24%
Magic:  0/2        EV: 12    Int:  8    God:    Trog [*.....]
Gold:   6          SH:  0    Dex: 12    Spells: 1/1 levels left

rFire    . . .     SeeInvis .   a - +0 falchion
rCold    . . .     Gourm    .   (no shield)
rNeg     . . .     Faith    .   b - +0 animal skin
rPois    .         Spirit   +   (no helmet)
rElec    .         Reflect  .   (no cloak)
rCorr    .         Harm     .   (no gloves)
MR       .....                  (no boots)
Stlth    +.........             (no amulet)
HPRegen  0.08/turn              (no ring)
MPRegen  0.08/turn              (no ring)

@: no status effects
A: magic shield
a: Berserk, Burn Spellbooks, Renounce Religion


You were on level 1 of the Dungeon.
You worshipped Trog.
Trog was aware of your devotion.
You were not hungry.

You visited 1 branch of the dungeon, and saw 1 of its levels.

You collected 6 gold pieces.

Inventory:

Hand Weapons
 a - a +0 falchion (weapon)
Armour
 b - a +0 animal skin (worn)
Scrolls
 d - a scroll of teleportation {unknown}
Potions
 e - 2 potions of lignification {unknown}
Comestibles
 c - a bread ration


   Skills:
 + Level 3.1 Fighting
 * Level 3.0 Long Blades
 + Level 2.0 Armour
 + Level 2.0 Dodging


You had one spell level left.
You didn't know any spells.

Dungeon Overview and Level Annotations

Branches:
Dungeon (1/15)

Altars:


Innate Abilities, Weirdness & Mutations

When hurt, damage is shared between your health and your magic reserves.


Message History

The jackal bites you.
* * * LOW HITPOINT WARNING * * *
The leopard gecko closely misses you.
You riposte.
You hit the leopard gecko.
The leopard gecko is moderately wounded.
The jackal bites you but does no damage.
You hit the jackal.
The jackal is moderately wounded.
The jackal bites you but does no damage. x2
The leopard gecko completely misses you.
You riposte.
You barely miss the leopard gecko.
The leopard gecko is moderately wounded.
The jackal misses you.
You riposte.
You closely miss the jackal. You closely miss the jackal.
The jackal is moderately wounded.
The jackal bites you.
* * * LOW HITPOINT WARNING * * *
The leopard gecko barely misses you. The jackal bites you.
* * * LOW HITPOINT WARNING * * *
The jackal barely misses you. The leopard gecko bites you.
You die...

#..<# ##.†....(....####
#..## #>.............!#
#..># ##..............#
#..## #...............#
#..# ###...............
#... ##.†..####.h....#
#... #.b...#.........#
#..# ##h#..#......!..#
#..# #@#..#.....h...#
......hl...#....)..l....
...>.......#....###%....
##...#$#####....# .....
#.#.#. #....# .... .. #
#. #....# ... . ..
#....# ... .. #....


You could see a leopard gecko, 2 jackals and a bat.

Vanquished Creatures
  An ooze (D:1)
  A bat (D:1)
  A hobgoblin (D:1)
  2 jackals (D:1)
  A kobold (D:1)
  2 rats (D:1)
8 creatures vanquished.

Notes
Turn   | Place    | Note
-------+----------+-------------------------------------------
     0 | D:1      | tof the Demonspawn Berserker began the quest for the Orb.
     0 | D:1      | Reached XP level 1. HP: 18/18 MP: 1/1
   126 | D:1      | Gained mutation: When hurt, damage is shared between your health and your magic reserves. [demonic ancestry]
   126 | D:1      | Reached XP level 2. HP: 24/24 MP: 2/2
   153 | D:1      | Slain by a leopard gecko

Vault maps used:
D:1:      onia_arrival_handbag

Skill      XL: |  1  2 |
---------------+-------+-----
Long Blades    | 3 |  3.0
Armour         | 2 |  2.0
Dodging        | 2 |  2.0
Fighting       | |  3.1

Action                   || total
-------------------------++-------
Melee: Falchion          ||    26
Armor: Animal skin       ||    19
Dodge: Dodged            ||    46
       Rpst.: Falchion   ||    15

Table legend:
 A = Spawn XP
 B = Non-spawn XP
 C = Spawn XP percentage of total XP
 D = Spawn monster count
 E = Non-spawn monster count
 F = Spawn count percentage of total count
 G = Total turns spent on level
                    A         B        C        D         E        F      G
               +---------+---------+-------+---------+---------+-------+---------
         Total |       0 |      19 |   0.0 |       0 |       8 |   0.0 |   153
               +---------+---------+-------+---------+---------+-------+---------
           D:1 |       0 |      19 |   0.0 |       0 |       8 |   0.0 |   153
               +---------+---------+-------+---------+---------+-------+---------
